 Dungeon Crawl Stone Soup version 0.26.1-11-gd32895ea62 (webtiles) character file.

Game seed: 5003163914099569104

333 infcreate the Scholar of Death (level 6, -1/35 HPs)
             Began as a Vampire Necromancer on June 12, 2021.
             Was a Follower of Kikubaaqudgha.
             Shot with an arrow by a centaur (10 damage)
             ... on level 5 of the Dungeon.
             The game lasted 00:18:32 (4628 turns).

infcreate the Scholar of Death (VpNe)               Turns: 4628, Time: 00:18:33

Health: -1/35      AC:  5    Str:  7    XL:     6   Next: 27%
Magic:  10/10      EV: 14    Int: 18    God:    Kikubaaqudgha [*.....]
Gold:   255        SH:  5    Dex: 16    Spells: 6/11 levels left

rFire    + . .     SeeInvis +   m - +0 dagger
rCold    + + .     Faith    .   (no shield)
rNeg     + + +     Spirit   .   a - +0 robe
rPois    ∞         Reflect  +   x - +0 helmet
rElec    .         Harm     .   (no cloak)
rCorr    .         Rampage  .   w - +0 pair of gloves
Will     .....                  k - +0 pair of boots
Stlth    +++++.....             z - amulet of reflection
HPRegen  0.00/turn              F - ring of protection from fire
MPRegen  0.12/turn              (no ring)

@: bloodless
A: fangs 3, see invisible, unbreathing
a: Bat Form, Revivify, Renounce Religion, Receive Corpses


You were on level 5 of the Dungeon.
You worshipped Kikubaaqudgha.
Kikubaaqudgha was aware of your devotion.
You visited 1 branch of the dungeon, and saw 5 of its levels.

You collected 255 gold pieces.


Innate Abilities, Weirdness & Mutations

You do not regenerate when monsters are visible.
You are frail without blood (-20% HP).
You can heal yourself when you bite living creatures.
You are immune to poison.
You have razor-sharp teeth.
You have supernaturally acute eyesight. (SInv)
You can survive without breathing.


   Skills:
 + Level 2.0 Fighting
 + Level 2.4 Short Blades
 + Level 3.6 Dodging
 + Level 5.1 Stealth
 + Level 3.0 Spellcasting
 + Level 5.2 Necromancy


You had 6 spell levels left.
You knew the following spells:

 Your Spells              Type           Power        Failure   Level
a - Animate Skeleton      Necr           42%          1%          1
p - Pain                  Necr           84%          1%          1
v - Vampiric Draining     Necr           10%          5%          3

Your spell library contained the following spells:

 Spells                   Type           Power        Failure   Level
 Sublimation of Blood     Necr           10%          2%          2
 Corpse Rot               Necr/Air       N/A          9%          2
 Animate Dead             Necr           10%          19%         4
 Agony                    Necr           21%          45%         5

Inventory:

Hand Weapons
 m - a +0 dagger (weapon)
 r - a +0 rapier
Armour
 a - a +0 robe (worn)
 k - a +0 pair of boots (worn)
 w - a +0 pair of gloves (worn)
 x - a +0 helmet (worn)
Jewellery
 z - an amulet of reflection (around neck)
 F - a ring of protection from fire (left hand)
Wands
 t - a wand of acid (13)
Scrolls
 d - a scroll of teleportation {@r4}
 g - 3 scrolls of amnesia
 h - a scroll of immolation {unknown}
 i - a scroll of fog {unknown}
 j - a scroll of identify {@r1}
 n - a scroll of enchant armour {unknown}
 p - a scroll of fear {unknown}
 q - a scroll of remove curse {@r2}
 s - a scroll of noise {unknown}
 y - a scroll of magic mapping {unknown}
Potions
 b - a potion of degeneration {unknown}
 c - 2 potions of ambrosia {unknown}
 e - 3 potions of curing {@q1}
 f - a potion of lignification {unknown}
 l - a potion of resistance
 o - a potion of berserk rage {unknown}
 u - a potion of haste {unknown}
 v - a potion of invisibility {unknown}

Dungeon Overview and Level Annotations

Branches:
Dungeon (5/15)             Temple (0/1) D:4

Altars:
Dithmenos
Hepliaklqana
Kikubaaqudgha

Annotations:
D:2 Grinder
D:5 Eustachio

###.. #.# .... #†#
#.. #.#
#..#######.#
#.....†##..#
#.#.##.##.##
#..#..#<#
##.##.#.# #.##.#@#
#..#<#.# ####
##.#.#.# .##...#
#.#...#
.......##...c.#
........##....#
........#.)#..#
..........##.....
.......#.#####..##


You could see a centaur.


Message History

You block the bullfrog skeleton's attack.
You hit the bullfrog skeleton.
You destroy the bullfrog skeleton!
Kikubaaqudgha accepts your kill.
m - a +0 dagger (weapon)
You start resting.
A worm comes into view.
You can't see any susceptible monsters within range! (Use Z to cast anyway.)
The worm writhes in agony.
The worm writhes in agony.
The worm writhes in agony.
The worm writhes in agony.
The worm writhes in agony.
The worm writhes in agony!
You kill the worm!
Kikubaaqudgha accepts your kill.
You start resting.
HP restored.
Magic restored.
There is a stone staircase leading up here.
There is a stone staircase leading down here.
The centaur shouts!
You hear an angry hiss.
The centaur zaps a wand.
You are blasted!
Ouch! That really hurt!
* * * LOW HITPOINT WARNING * * *
The centaur wields a +0 shortbow.
The centaur shoots an arrow.
The arrow hits you!
You die...
Kikubaaqudgha rasps: "You have failed me!
Welcome... oblivion!"

Skill      XL: |  1  2  3  4  5  6 |
---------------+-------------------+-----
Short Blades   | 1 2 |  2.4
Fighting       | 1 2 |  2.0
Stealth        | 4 5 |  5.1
Dodging        | 3 |  3.6
Necromancy     | 5 |  5.2
Spellcasting   | 3 |  3.0

Action                   |  1- 3 |  4- 6 || total
-------------------------+-------+-------++-------
Melee: Unarmed           |     2 |       ||     2
       Short sword       |    10 |       ||    10
       Dagger            |    42 |    53 ||    95
       Bite              |     2 |     6 ||     8
       Rapier            |       |     9 ||     9
 Cast: Pain              |    43 |    50 ||    93
 Abil: Exsanguinate      |     1 |       ||     1
  Use: Scroll            |     6 |     3 ||     9
 Stab: Sleeping          |    13 |     8 ||    21
       Distracted        |     1 |       ||     1
Armor: Robe              |    13 |    17 ||    30
Dodge: Dodged            |    29 |    40 ||    69
Block: Other             |       |     8 ||     8

Levels and vault maps discovered:
D:1:      ncdulo_smallfort, layout_basic
D:2:      layout_loops_corners, lemuel_coloured_pillars_altar,
          minmay_stone_trees_small, minivault_26, serial_park_tiny_1,
          kennysheep_potato
D:3:      layout_basic, nicolae_dithmenos_shadow_blocks, uniq_grinder
D:4:      layout_basic, kennysheep_little_box, minmay_temple_entry_glassed_door,
          wad_orctagon
D:5:      layout_rooms, minmay_misc_feat_columns, uniq_eustachio

Notes
Turn   | Place    | Note
-------+----------+-------------------------------------------
     0 | D:1      | infcreate the Vampire Necromancer began the quest for the
                  | Orb.
     0 | D:1      | Reached XP level 1. HP: 13/13 MP: 3/3
   298 | D:1      | Reached XP level 2. HP: 16/16 MP: 3/5
   344 | D:1      | Learned a level 1 spell: Animate Skeleton
  1046 | D:2      | Found an ancient bone altar of Kikubaaqudgha.
  1056 | D:2      | Became a worshipper of Kikubaaqudgha
  1111 | D:2      | Reached XP level 3. HP: 20/20 MP: 6/6
  1188 | D:2      | Reached skill level 1 in Short Blades
  1298 | D:2      | Learned a level 3 spell: Vampiric Draining
  1484 | D:3      | Identified a potion of resistance
  1517 | D:3      | Noticed Grinder
  1519 | D:3      | Paralysed by Grinder for 3 turns
  1525 | D:3      | Paralysed by Grinder for 3 turns
  1540 | D:3      | Paralysed by Grinder for 3 turns
  1644 | D:3      | Reached skill level 1 in Fighting
  1786 | D:3      | Reached skill level 4 in Stealth
  1901 | D:3      | Reached XP level 4. HP: 12/25 MP: 4/7
  2100 | D:3      | Found a shadowy altar of Dithmenos.
  3032 | D:4      | Reached skill level 3 in Dodging
  3148 | D:4      | Reached * piety under Kikubaaqudgha
  3148 | D:4      | Identified Kikubaaqudgha's Collected Works on Evil Rites
                  | (Kikubaaqudgha gifted it to you on level 4 of the Dungeon)
  3148 | D:4      | Received a gift from Kikubaaqudgha
  3212 | D:4      | Found a hazy altar of Hepliaklqana.
  3509 | D:4      | Reached XP level 5. HP: 29/29 MP: 3/9
  3533 | D:4      | Reached skill level 5 in Necromancy
  3849 | D:4      | Found a staircase to the Ecumenical Temple.
  3914 | D:5      | Entered Level 5 of the Dungeon
  3918 | D:5      | Reached skill level 2 in Short Blades
  3926 | D:5      | Noticed a centaur
  4087 | D:5      | Noticed Eustachio
  4105 | D:5      | Reached XP level 6. HP: 35/35 MP: 10/10
  4221 | D:4      | Reached skill level 2 in Fighting
  4221 | D:4      | Reached skill level 5 in Stealth
  4221 | D:4      | Reached skill level 3 in Spellcasting
  4628 | D:5      | Shot with an arrow by a centaur

Vanquished Creatures
  A centaur zombie (D:5)
  A hound (D:5)
  3 orc wizards (D:4)
  A bullfrog skeleton (D:5)
  2 worker ants
  3 adders
  2 worms
  4 dart slugs
  8 orcs (D:4)
  7 bats
  A giant cockroach (D:4)
  6 goblins
  4 hobgoblins
  6 jackals
  6 kobolds
  2 quokkas
  A ball python (D:1)
  4 frilled lizards
  A leopard gecko skeleton (D:4)
  6 rats
69 creatures vanquished.

Table legend: (Time is in decaauts)
 A = Elapsed time spent in this place.
 B = Non-inter-level travel time spent in this place.
 C = Inter-level travel time spent in this place.
 D = Time resting spent in this place.
 E = Time spent auto-exploring this place.
 F = Levels seen in this place.
 G = Mean time per level.
                   A        B        C        D        E       F      G
               +--------+--------+--------+--------+--------+-----+--------+
         Total |   4623 |   3962 |    661 |   1427 |      0 |   5 |  924.6 |
       Dungeon |   4623 |   3962 |    661 |   1427 |      0 |   5 |  924.6 |
               +--------+--------+--------+--------+--------+-----+--------+

Top non-repeatable levels by time:
     D:3: 1477 daAuts
     D:4: 1236 daAuts
     D:2: 953 daAuts
     D:1: 590 daAuts
     D:5: 366 daAuts

Table legend:
 A = Non-vault XP
 B = Vault XP
 C = Vault XP percentage of total XP
 D = Non-vault monster count
 E = Vault monster count
 F = Vault count percentage of total count
                 A         B        C        D         E       F
            +---------+---------+-------+---------+---------+-------
      Total |     461 |      16 |   3.4 |      63 |       6 |   8.7
            +---------+---------+-------+---------+---------+-------
        D:1 |      17 |       0 |   0.0 |       9 |       0 |   0.0
        D:2 |      56 |       4 |   6.7 |      18 |       2 |  10.0
        D:3 |      44 |       0 |   0.0 |      20 |       0 |   0.0
        D:4 |     175 |      12 |   6.4 |      11 |       4 |  26.7
        D:5 |     169 |       0 |   0.0 |       5 |       0 |   0.0
            +---------+---------+-------+---------+---------+-------
